 Dungeon Crawl Stone Soup version 0.28-a0-1038-g9c4cb8273d (webtiles) character file.

Game seed: 15029937659049590962

417 ryw the Chopper (level 6, -1/56 HPs)
             Began as a Hill Orc Berserker on Dec 8, 2021.
             Was a Believer of Trog.
             Succumbed to a killer bee's poison
             ... on level 7 of the Dungeon.
             The game lasted 00:07:22 (4111 turns).

ryw the Chopper (Hill Orc Berserker)                Turns: 4111, Time: 00:07:22

Health: -1/56      AC: 10    Str: 22    XL:     6   Next: 92%
Magic:  6/6        EV: 10    Int:  7    God:    Trog [**....]
Gold:   133        SH:  0    Dex: 10    Spells: 5/5 levels left

rFire   . . .      SeeInvis .   a - +0 hand axe
rCold   . . .      Faith    .   (no shield)
rNeg    . . .      Spirit   .   q - +0 scale mail
rPois   .          Reflect  .   l - +1 hat
rElec   .          Harm     .   k - +0 cloak
rCorr   .          Rampage  .   (no gloves)
Will    .....                   f - +0 pair of boots {Fly}
Stlth   ..........              (no amulet)
HPRegen 0.18/turn               (no ring)
MPRegen 0.10/turn               (no ring)

@: lethally poisoned (-1 -> -7), flying
A: subdued magic 1
a: Renounce Religion, Berserk, Trog's Hand


You were on level 7 of the Dungeon.
You worshipped Trog.
Trog was pleased with you.
You visited 1 branch of the dungeon, and saw 5 of its levels.

You collected 133 gold pieces.

Inventory:

Hand Weapons
 a - a +0 hand axe (weapon)
Missiles
 u - 9 poisoned darts (quivered)
Armour
 f - a +0 pair of boots of flying (worn)
 k - a +0 cloak (worn)
 l - a +1 hat (worn)
 q - a +0 scale mail (worn)
Wands
 g - a wand of polymorph (3)
Scrolls
 d - a scroll of fear {unknown}
 e - a scroll of silence {unknown}
 h - a scroll of magic mapping {unknown}
 i - a scroll of immolation {unknown}
 m - 4 scrolls of teleportation {unknown}
 n - a scroll of vulnerability {unknown}
 p - a scroll of brand weapon {unknown}
 s - a scroll of identify {unknown}
 t - a scroll of fog {unknown}
Potions
 c - a potion of might
 j - a potion of mutation
 o - 2 potions of attraction


   Skills:
 + Level 5.0 Fighting
 * Level 7.4 Axes
 + Level 4.0 Armour
 - Level 2.5 Dodging
 - Level 0.3 Stealth


You had 5 spell levels left.
You didn't know any spells.
Your spell library was empty.

Dungeon Overview and Level Annotations

Branches:
Dungeon (4/15)
 Temple: D:4-7

Altars:
Uskayaw

Annotations:
D:2 Sigmund


Innate Abilities, Weirdness & Mutations

Your spells are a little easier to cast, but a little less powerful.


Message History

You barely miss the killer bee.
The killer bee is almost dead.
You feel sick.
The killer bee stings you but does no damage.
You hit the killer bee but do no damage.
The killer bee is almost dead.
You feel sick. The killer bee stings you.
* * * LOW HITPOINT WARNING * * *
You are lethally poisoned!
The killer bee poisons you! The killer bee stings you.
* * * LOW HITPOINT WARNING * * *
You are more poisoned.
The killer bee poisons you!
You feel much better.
You feel very sick.
The killer bee stings you but does no damage.
The killer bee stings you.
* * * LOW HITPOINT WARNING * * *
You miss the killer bee.
The killer bee is almost dead.
* * * LOW HITPOINT WARNING * * *
You feel very sick. The killer bee stings you.
* * * LOW HITPOINT WARNING * * *
The killer bee closely misses you.
You closely miss the killer bee.
The killer bee is almost dead.
* * * LOW HITPOINT WARNING * * *
You feel sick. The killer bee stings you.
* * * LOW HITPOINT WARNING * * *
The killer bee stings you but does no damage.
Unknown command.
As you read the scroll labelled HUCUOCR WIUNK, it crumbles to dust.
You feel a surge of unholy energy.
The killer bee convulses! x2
It was a scroll of torment.
* * * LOW HITPOINT WARNING * * *
You feel sick.
The killer bee stings you but does no damage.
The killer bee barely misses you.
You die...

... #.# #.#
≈≈≈≈≈≈. #.#
≈≈≈≈≈≈≈.##.#
≈≈≈≈≈≈≈≈##.#
≈≈≈≈≈≈≈≈##.#
≈≈≈≈≈≈≈≈##@#
≈≈≈≈≈≈≈≈##.# #
≈≈≈≈≈≈≈..#y##....
≈≈≈≈.....yy$.#
#...#...#.#.# #
##.##.#.# #.##.#
# ####.#..#
#....#.##


You could see 3 killer bees.

Vanquished Creatures
  2 scorpions (D:4)
  A killer bee (D:7)
  2 bullfrog skeletons
  A centaur skeleton (D:4)
  A hound skeleton (D:4)
  A gnoll (D:4)
  2 river rats (D:4)
  6 adders
  3 adder skeletons (D:4)
  2 worms (D:4)
  A dart slug (D:3)
  3 orcs
  7 bats
  6 endoplasms
  6 giant cockroaches
  5 goblins
  A hobgoblin (D:1)
  5 quokkas
  A ball python (D:3)
  6 kobolds
  8 rats
70 creatures vanquished.

Notes
Turn   | Place    | Note
-------+----------+-------------------------------------------
     0 | D:1      | ryw the Hill Orc Berserker began the quest for the Orb.
     0 | D:1      | Reached XP level 1. HP: 19/19 MP: 1/1
   202 | D:1      | Reached XP level 2. HP: 24/27 MP: 2/2
  1079 | D:2      | Noticed Sigmund
  1713 | D:2      | Reached skill level 5 in Axes
  1713 | D:2      | Reached XP level 3. HP: 25/33 MP: 3/3
  2068 | D:3      | Reached XP level 4. HP: 38/40 MP: 4/4
  2144 | D:3      | Reached ** piety under Trog
  2624 | D:4      | Reached skill level 6 in Axes
  2624 | D:4      | Reached XP level 5. HP: 40/47 MP: 5/5
  2759 | D:4      | HP: 2/47 [poisoned by a scorpion]
  3027 | D:4      | Reached XP level 6. HP: 32/53 MP: 6/6
  3290 | D:4      | Found a hide-covered altar of Uskayaw.
  3453 | D:4      | Reached skill level 7 in Axes
  4051 | D:4      | You are sucked into a shaft and drop 3 floors!
  4087 | D:7      | Gained mutation: Your spells are a little easier to cast,
                  | but a little less powerful. [potion of mutation]
  4097 | D:7      | Reached skill level 5 in Fighting
  4110 | D:7      | HP: 1/56 [poisoned by a killer bee]
  4111 | D:7      | Succumbed to a killer bee's poison

Illustrated notes

Levels and vault maps discovered:
D:1:      minmay_arrival_shattered_statue, layout_loops_ring
D:2:      layout_rooms, uniq_natasha, uniq_sigmund
D:3:      layout_rooms
D:4:      layout_basic, lemuel_round_altar, minmay_temple_entry_nine_rooms,
          lightli_sewer_entry_pipes, minmay_starry_boxes
D:7:      layout_loops_ring, mainiacjoe_overflow_six_doors_small, centaur_isle

Skill      XL: |  1  2  3  4  5  6 |
---------------+-------------------+-----
Fighting       | 4 5 |  5.0
Axes           | 5 6 7 |  7.4
Dodging        | 2 |  2.5
Armour         | 3 4 |  4.0
Stealth        | |  0.3

Action                   |  1- 3 |  4- 6 || total
-------------------------+-------+-------++-------
Melee: Hand axe          |   132 |   220 ||   352
Invok: Trog's Hand       |       |     1 ||     1
  Use: Potion            |       |     8 ||     8
       Scroll            |       |     1 ||     1
 Stab: Sleeping          |     1 |       ||     1
Armor: Animal skin       |    33 |       ||    33
       Scale mail        |    17 |   103 ||   120
Dodge: Dodged            |   133 |   114 ||   247

Table legend: (Time is in decaauts)
 A = Elapsed time spent in this place.
 B = Non-inter-level travel time spent in this place.
 C = Inter-level travel time spent in this place.
 D = Time resting spent in this place.
 E = Time spent auto-exploring this place.
 F = Levels seen in this place.
 G = Mean time per level.
                   A        B        C        D        E       F      G
               +--------+--------+--------+--------+--------+-----+--------+
         Total |   4115 |   3958 |    157 |   1076 |   2114 |   5 |  823.0 |
       Dungeon |   4115 |   3958 |    157 |   1076 |   2114 |   5 |  823.0 |
               +--------+--------+--------+--------+--------+-----+--------+

Top non-repeatable levels by time:
     D:1: 1343 daAuts
     D:4: 1231 daAuts
     D:3: 1005 daAuts
     D:2: 477 daAuts
     D:7: 57 daAuts
